 Dungeon Crawl Stone Soup version 0.31-a0-174-g85c54bcb58 (webtiles) character file.

Game seed: 16432245552760345855

58 qw the Chopper (level 4, -3/28 HPs)
             Began as a Gargoyle Fighter on June 15, 2023.
             Slain by a river rat (8 damage)
             ... on level 3 of the Dungeon.
             The game lasted 00:00:47 (1579 turns).

qw the Chopper (Gargoyle Fighter)                   Turns: 1579, Time: 00:00:48

Health: -3/28      AC: 11    Str: 22    XL:     4   Next: 2%
Magic:  4/4        EV:  9    Int:  8    God:
Gold:   46         SH:  4    Dex:  9    Spells: 3/3 levels left

rFire   . . .        Y - +0 war axe
rCold   . . .        c - +0 buckler
rNeg    + . .        b - +0 scale mail
rPois   inf          (no helmet)
rElec   +            e - +0 cloak
rCorr   .            (no gloves)
SInv    .            (no boots)
Will    .....        (no amulet) Stlth
                     (no ring)
HPRegen 0.24/turn    (no ring)
MPRegen 0.09/turn

%: no passive effects
@: no status effects
A: sickness immunity, AC +3, negative energy resistance 1, electricity
resistance, torment resistance 1, petrification resistance
a: no special abilities


You were on level 3 of the Dungeon.
You visited 1 branch of the dungeon, and saw 4 of its levels.

You collected 46 gold pieces.


Innate Abilities, Weirdness & Mutations

You are immune to sickness and miasma.
Your stone body is resilient. (AC +3)
You are immune to poison.
You resist negative energy. (rN+)
You are resistant to electric shocks. (rElec)
You are resistant to unholy torment.
You are immune to petrification.


   Skills:
 - Level 3.2 Fighting
 + Level 3.5 Axes
 - Level 1.0 Throwing
 - Level 3.2 Armour
 - Level 3.2 Shields


You had 3 spell levels left.
You didn't know any spells.
Your spell library was empty.

Inventory:

Hand Weapons
 f - a +0 whip
 Y - a +0 war axe (weapon)
Missiles
 i - 4 javelins (quivered)
Armour
 b - a +0 scale mail (worn)
 c - a +0 buckler (worn)
 e - a +0 cloak (worn)
Scrolls
 j - a scroll of identify
Potions
 d - 2 potions of might
 g - a potion of enlightenment {unknown}
 h - a potion of haste {unknown}

Dungeon Overview and Level Annotations

Branches:
Dungeon (4/15)
 Temple: D:4-7

Altars:
Dithmenos
Okawaru

Portals:
Sewer: D:3


Message History

The quokka closely misses you.
You closely miss the river rat. You closely miss the quokka.
The quokka bites you but does no damage.
The river rat bites you! The quokka bites you.
You closely miss the river rat. You completely miss the rat.
You closely miss the river rat. You slash the rat!
You kill the rat!
You barely miss the quokka. The river rat closely misses you.
The quokka barely misses you. The river rat closely misses you.
The adder barely misses you. The rat bites you but does no damage.
The river rat barely misses you. You block the river rat's attack.
The quokka bites you but does no damage.
You slash the adder!
The adder is almost dead.
You barely miss the river rat. x2; You closely miss the quokka.
You barely miss the rat. The adder closely misses you.
The rat bites you but does no damage. The quokka barely misses you.
The adder completely misses you.
The river rat bites you but does no damage.
The river rat misses you.
You hit the adder but do no damage.
The adder is almost dead.
You barely miss the quokka. You slash the rat!
You kill the rat!
You closely miss the river rat. You hit the river rat.
The adder bites you but does no damage. The quokka bites you.
The river rat bites you. The river rat closely misses you.
The quokka bites you but does no damage.
The adder bites you.
You hit the adder.
You kill the adder!
You hit the river rat but do no damage. You closely miss the river rat.
You slash the quokka!
You kill the quokka!
You hit the rat.
You kill the rat!
The river rat bites you! The river rat bites you.
The river rat barely misses you. The river rat bites you!
You die...

7~¤~...~.~7
7~¤¤¤~~..~7
7¤~¤~¤¤¤¤.7
7.¤..¤....7
..777777777.
#.. #..
############.
#.#
#.....r%..##
#.# #.....r@..#
####.#
....~~B[......#
#....#
...~~~~~......#
#.#..#
...~~\~~...#..#
#...##
...~~~~~..###.#
##.##
#...~(~...# #.#
#.#
......%...###<#
#.#
............(.#
#.# #######..#
#.#


You could see 2 river rats and a giant cockroach.

Vanquished Creatures
  2 adders (D:3)
  An orc (D:3)
  2 bats (D:1)
  5 endoplasms
  2 giant cockroaches (D:1)
  7 goblins
  4 hobgoblins
  3 quokkas
  5 ball pythons
  5 frilled lizards
  7 kobolds
  6 rats
49 creatures vanquished.

Notes
Turn   | Place    | Note
-------+----------+-------------------------------------------
     0 | D:1      | qw the Gargoyle Fighter began the quest for the Orb.
     0 | D:1      | Reached XP level 1. HP: 14/14 MP: 1/1
     0 | D:1      | 0 ||| qw: Version: 0.2-a-29-g511e9b1
     0 | D:1      | 0 ||| qw: Game counter: 5518
     0 | D:1      | 0 ||| qw: Always use a shield: true
     0 | D:1      | 0 ||| qw: God list: Okawaru
     0 | D:1      | 0 ||| qw: Allow faded altars: false
     0 | D:1      | 0 ||| qw: Do Orc after D:15 true
     0 | D:1      | 0 ||| qw: Do second Lair branch before Depths: true
     0 | D:1      | 0 ||| qw: Lair rune preference: random
     0 | D:1      | 0 ||| qw: Plans: Normal, Zot:1-4, Slime:5, God:TSO, Crypt,
                  | Tomb, Abyss, Pan, Hells, Win
     0 | D:1      | 0 ||| PLANNING D:1-11
   146 | D:1      | 146 ||| Stepping ~*~*~tactically~*~*~ (stealth).
   155 | D:1      | Reached XP level 2. HP: 15/19 MP: 2/2
   379 | D:1      | 379 ||| Stepping ~*~*~tactically~*~*~ (stealth).
   381 | D:1      | 381 ||| Stepping ~*~*~tactically~*~*~ (stealth).
   390 | D:1      | Reached skill level 3 in Axes
   391 | D:1      | 391 ||| Stepping ~*~*~tactically~*~*~ (stealth).
   446 | D:1      | Reached XP level 3. HP: 23/23 MP: 3/3
   583 | D:1      | 583 ||| DROPPING +0 club.
   880 | D:1      | 880 ||| READING scroll labelled SUGEWKIUVA.
  1013 | D:2      | You fall into a shaft and drop 2 floors!
  1193 | D:4      | 1193 ||| Stepping ~*~*~tactically~*~*~ (hiding).
  1341 | D:4      | Found a shadowy altar of Dithmenos.
  1347 | D:4      | 1347 ||| Stepping ~*~*~tactically~*~*~ (stealth).
  1385 | D:4      | 1385 ||| UPGRADING to +0 cloak.
  1390 | D:4      | 1390 ||| READING scroll labelled YNWYZAI XUABIQ.
  1393 | D:4      | 1393 ||| FLEEEEING.
  1394 | D:4      | 1394 ||| FLEEEEING.
  1395 | D:4      | 1395 ||| FLEEEEING.
  1396 | D:4      | 1396 ||| FLEEEEING.
  1397 | D:4      | 1397 ||| STAIRDANCE
  1399 | D:3      | 1399 ||| PLANNING SEWER
  1428 | D:3      | Found an iron altar of Okawaru.
  1558 | D:3      | Reached skill level 1 in Throwing
  1569 | D:3      | Found a glowing drain.
  1571 | D:3      | Reached XP level 4. HP: 28/28 MP: 4/4
  1571 | D:3      | 1571 ||| READING scroll labelled GEKAEVYUTA.
  1572 | D:3      | 1572 ||| Stepping ~*~*~tactically~*~*~ (stealth).
  1579 | D:3      | HP: 7/28 [river rat (7)]
  1579 | D:3      | Slain by a river rat

Levels and vault maps discovered:
D:1:      sevenhm_arrival_forest_fort_small_5, layout_loops_ring,
          amethyst_killhole, hangedman_abyss_or_decor_stabs
D:2:      layout_rooms, solitary_fountain, kennysheep_jessica_study
D:3:      layout_loops_ring, mainiacjoe_overflow_paths, portal_sewer_entry_a
D:4:      layout_loops_corners, nicolae_overflow_crystal_walls,
          nzn_wu_jian_contemplation, general_overflow_altar

Skill      XL: |  1  2  3 |
---------------+----------+-----
Axes           | 2 3 |  3.5
Throwing       | 1 |  1.0
Fighting       | |  3.2
Armour         | |  3.2
Shields        | |  3.2

Action                     |  1- 3 |  4- 6 || total
---------------------------+-------+-------++-------
  Melee: War axe           |   123 |     6 ||   129
  Throw: Javelin           |    10 |       ||    10
    Use: Scroll            |     2 |     1 ||     3
 Armour: Scale mail        |    67 |     7 ||    74
  Dodge: Dodged            |    39 |    13 ||    52
  Block: Buckler           |    25 |     1 ||    26

Table legend:
 A = Non-vault XP
 B = Vault XP
 C = Vault XP percentage of total XP
 D = Non-vault monster count
 E = Vault monster count
 F = Vault count percentage of total count
                 A         B        C        D         E       F
            +---------+---------+-------+---------+---------+-------
      Total |      83 |      17 |  17.0 |      44 |       5 |  10.2
            +---------+---------+-------+---------+---------+-------
        D:1 |      49 |       0 |   0.0 |      32 |       0 |   0.0
        D:2 |       5 |       0 |   0.0 |       3 |       0 |   0.0
        D:3 |      21 |      17 |  44.7 |       5 |       5 |  50.0
        D:4 |       8 |       0 |   0.0 |       4 |       0 |   0.0
            +---------+---------+-------+---------+---------+-------
